 Dungeon Crawl Stone Soup version 0.29.0-4-gdea44cf6ec (webtiles) character file.

Game seed: 17058099961219786858

35 qw the Chopper (level 3, 0/21 HPs)
             Began as a Tengu Warper on Aug 28, 2022.
             Killed from afar by Sigmund (11 damage)
             ... with a puff of flame
             ... on level 2 of the Dungeon.
             The game lasted 00:00:06 (796 turns).

qw the Chopper (Tengu Warper)                        Turns: 796, Time: 00:00:07

Health: 0/21       AC:  3    Str: 13    XL:     3   Next: 33%
Magic:  7/7        EV: 12    Int: 13    God:
Gold:   33         SH:  0    Dex: 13    Spells: 6/6 levels left

rFire   . . .      SeeInvis .   Y - +0 hand axe (freeze)
rCold   . . .      Faith    .   (no shield)
rNeg    . . .      Spirit   .   b - +0 leather armour
rPois   .          Reflect  .   (helmet restricted)
rElec   .          Harm     .   (no cloak)
rCorr   .          Rampage  .   (no gloves)
Will    .....                   (boots unavailable)
Stlth   +.........              (no amulet)
HPRegen 0.07/turn               (no ring)
MPRegen 0.10/turn               (no ring)

@: confused
A: beak, talons 3
a: no special abilities


You were on level 2 of the Dungeon.
You visited 1 branch of the dungeon, and saw 2 of its levels.

You collected 33 gold pieces.


Innate Abilities, Weirdness & Mutations

You have a beak for a mouth.
You have claws for feet.


   Skills:
 - Level 2.0 Fighting
 + Level 4.0 Axes
 - Level 1.0 Throwing
 - Level 1.1 Armour
 - Level 2.1 Dodging
 - Level 2.0 Spellcasting
 - Level 2.4 Translocations


You had 6 spell levels left.
You didn't know any spells.
Your spell library contained the following spells:

 Spells                   Type           Power      Damage    Failure   Level
 Blink                    Tloc           14%        N/A       19%         2
 Gell's Gravitas          Tloc           7%         N/A       36%         3
 Lesser Beckoning         Tloc           7%         N/A       36%         3
 Teleport Other           Tloc           7%         N/A       36%         3
 Manifold Assault         Tloc           7%         N/A       98%         5

Inventory:

Hand Weapons
 a - a +0 club
 Y - a +0 hand axe of freezing (weapon)
Armour
 b - a +0 leather armour (worn)
 c - a +0 scale mail of cold resistance
Scrolls
 d - a scroll of enchant armour {unknown}
 e - 2 scrolls of teleportation
 f - a scroll of identify
Potions
 h - a potion of brilliance {unknown}
 i - a potion of heal wounds {unknown}

Dungeon Overview and Level Annotations

Branches:
Dungeon (2/15)

Altars:

Shops:
D:1 :   D:2 [

Annotations:
D:2 Sigmund


Message History

a - a +0 club
c - a +0 scale mail of cold resistance
d - a scroll labelled JEUGUR TUYRRIBRO
Found a leather armour.
A ball python comes into view.
694 ||| Stepping ~*~*~tactically~*~*~ (stealth).
You barely miss the ball python. Your kick misses the ball python.
Your peck misses the ball python. The ball python barely misses you.
The ball python closely misses you.
You hit the ball python. You freeze the ball python.
You kill the ball python!
You see here a ball python corpse.
A bat comes into view.
Enter note: You hit the bat.
You freeze the bat.
You kill the bat!
Found a stone staircase leading up.
Enter note:
Enter note:
Found a ring mail.
Enter note:
Found a robe.
Found a hand axe.
There is an entrance to Jijoe's Antique Armour Emporium here.
774 ||| SHOPLISTING buckler (126 gold, have 33).
You can access your shopping list by pressing '$'.
774 ||| SHOPLISTING jewelled chain mail (266 gold, have 33).
You can access your shopping list by pressing '$'.
Sigmund the Dreaded comes into view.
He is wielding a +0 scythe and carrying a wand of flame (23).
Enter note: Sigmund shouts!
Sigmund zaps a wand.
The puff of flame hits you!
792 ||| FLEEEEING.
793 ||| FLEEEEING.
794 ||| FLEEEEING.
Sigmund casts a spell at you.
You are confused.
Sigmund zaps a wand.
The puff of flame hits you!
Ouch! That really hurt!
You die...

....####.#.##.#
#.........^...#
#.#.#..###.#..#.# #.#@#..#
#....#.# ...##.#.#..###.#..#.#
#.................#.#
##.#.#.%###.#..#.#
#..##.#.#.........#.##
#..##.#@#..###.......
#..##..........##.#.#
#..##.#.#..###.##[#.####
#..##.#.#..#............
#..##.#.#..#.#.##.#.#.##
#######..#....................
..........................#.##
######.##....................
#.##..###.###..####.#.##


You could see Sigmund.

Vanquished Creatures
  A dart slug (D:1)
  5 ball pythons
  5 bats
  3 endoplasms (D:1)
  2 goblins
  6 jackals (D:1)
  A quokka (D:1)
  A frilled lizard (D:1)
  A kobold (D:1)
  4 rats (D:1)
29 creatures vanquished.

Vanquished Creatures (others)
  2 plants (D:1)
2 creatures vanquished.

Grand Total: 31 creatures vanquished

Notes
Turn   | Place    | Note
-------+----------+-------------------------------------------
     0 | D:1      | qw the Tengu Warper began the quest for the Orb.
     0 | D:1      | Reached XP level 1. HP: 12/12 MP: 4/4
     0 | D:1      | 0 ||| qw: Version: 0.1-a-89-g26bdef1
     0 | D:1      | 0 ||| qw: Game counter: 1265
     0 | D:1      | 0 ||| qw: Always use a shield: true
     0 | D:1      | 0 ||| qw: God list: Okawaru
     0 | D:1      | 0 ||| qw: Allow faded altars: false
     0 | D:1      | 0 ||| qw: Do Orc after D:15 true
     0 | D:1      | 0 ||| qw: Do second Lair branch before Depths: true
     0 | D:1      | 0 ||| qw: Lair rune preference: random
     0 | D:1      | 0 ||| qw: Plans: Normal
     0 | D:1      | 0 ||| PLANNING D:1-11
    92 | D:1      | Reached XP level 2. HP: 17/17 MP: 6/6
    97 | D:1      | 97 ||| Stepping ~*~*~tactically~*~*~ (stealth).
   102 | D:1      | Reached skill level 3 in Axes
   251 | D:1      | 251 ||| Stepping ~*~*~tactically~*~*~ (stealth).
   252 | D:1      | 252 ||| Stepping ~*~*~tactically~*~*~ (stealth).
   302 | D:1      | Reached XP level 3. HP: 21/21 MP: 7/7
   456 | D:1      | Found a faded altar of an unknown god.
   570 | D:1      | Found Hamuveih's Book Boutique.
   639 | D:1      | 639 ||| READING scroll labelled USOESUG DAME.
   640 | D:1      | 640 ||| READING 3 scrolls labelled VAW FOGOO.
   643 | D:1      | 643 ||| READING 2 scrolls labelled GETODUE EHUALL.
   644 | D:1      | 644 ||| READING 2 scrolls labelled TOMMAKL TIACOCSU.
   645 | D:1      | 645 ||| READING scroll of brand weapon.
   645 | D:1      | 645 ||| BRANDING +0 vorpal hand axe.
   646 | D:1      | 646 ||| DROPPING scroll of blinking.
   670 | D:2      | Reached skill level 4 in Axes
   694 | D:2      | 694 ||| Stepping ~*~*~tactically~*~*~ (stealth).
   767 | D:2      | Found Jijoe's Antique Armour Emporium.
   774 | D:2      | 774 ||| SHOPLISTING buckler (126 gold, have 33).
   774 | D:2      | 774 ||| SHOPLISTING jewelled chain mail (266 gold, have
                  | 33).
   790 | D:2      | Noticed Sigmund
   792 | D:2      | 792 ||| FLEEEEING.
   793 | D:2      | 793 ||| FLEEEEING.
   794 | D:2      | 794 ||| FLEEEEING.
   796 | D:2      | Killed from afar by Sigmund

Levels and vault maps discovered:
D:1:      eino_arrival_druids_welcome, layout_rooms, serial_shops,
          nicolae_diamond_shop, shapermc_ecumenical_altar_acropolis
D:2:      kennysheep_six_static_rooms, layout_basic, serial_shops,
          nicolae_shop_crystal, basic_altar, uniq_sigmund

Skill      XL: |  1  2  3 |
---------------+----------+-----
Axes           | 3 4 |  4.0
Fighting       | |  2.0
Throwing       | |  1.0
Armour         | |  1.1
Dodging        | |  2.1
Spellcasting   | |  2.0
Translocations | |  2.4

Action                   || total
-------------------------++-------
Melee: Hand axe          ||    46
       Peck              ||     9
       Kick              ||     9
Throw: Boomerang         ||     7
  Use: Scroll            ||     5
Armor: Leather armour    ||    12
Dodge: Dodged            ||    20

Table legend:
 A = Non-vault XP
 B = Vault XP
 C = Vault XP percentage of total XP
 D = Non-vault monster count
 E = Vault monster count
 F = Vault count percentage of total count
                 A         B        C        D         E       F
            +---------+---------+-------+---------+---------+-------
      Total |      50 |       0 |   0.0 |      29 |       0 |   0.0
            +---------+---------+-------+---------+---------+-------
        D:1 |      44 |       0 |   0.0 |      26 |       0 |   0.0
        D:2 |       6 |       0 |   0.0 |       3 |       0 |   0.0
            +---------+---------+-------+---------+---------+-------
